 Dungeon Crawl Stone Soup version 0.29.1-2-gbd0b4ee654 (webtiles) character file.

Game seed: 15919758835344853864

734 GorkyZ the Shield-Bearer (level 8, -2/63 HPs)
             Began as a Formicid Fighter on Nov 19, 2022.
             Was a Believer of Okawaru.
             Slain by a gnoll
             ... wielding a +0 halberd
             ... led by a gnoll bouda
              (7 damage)
             ... on level 4 of the Dungeon.
             The game lasted 00:11:12 (4194 turns).

GorkyZ the Shield-Bearer (Formicid Fighter)         Turns: 4194, Time: 00:11:13

Health: -2/63      AC: 12    Str: 23    XL:     8   Next: 4%
Magic:  8/8        EV:  9    Int:  8    God:    Okawaru [**....]
Gold:   198        SH:  6    Dex: 19    Spells: 7/7 levels left

rFire   + . .      SeeInvis +   p - +4 scythe (venom)
rCold   . . .      Faith    .   c - +0 buckler
rNeg    . . .      Spirit   .   b - +0 scale mail
rPois   .          Reflect  .   (helmet unavailable)
rElec   .          Harm     .   x - +0 cloak
rCorr   .          Rampage  .   (no gloves)
Will    +....                   (no boots)
Stlth   ..........              (no amulet)
HPRegen 0.20/turn               f - +4 ring of protection
MPRegen 0.11/turn               m - +6 ring of dexterity

@: no status effects
A: permanent stasis, dig shafts and tunnels, antennae 3, four strong arms, fire
resistance 1, strong-willed 1, MP-powered wands
a: Dig, Shaft Self, Renounce Religion, Heroism


You were on level 4 of the Dungeon.
You worshipped Okawaru.
Okawaru was pleased with you.
You visited 1 branch of the dungeon, and saw 4 of its levels.

You collected 198 gold pieces.

Inventory:

Hand Weapons
 a - a +0 war axe
 p - a +4 scythe of venom (weapon)
Missiles
 o - 6 poisoned darts
 v - 6 javelins
Armour
 b - a +0 scale mail (worn)
 c - a +0 buckler (worn)
 x - a +0 cloak (worn)
Jewellery
 f - a +4 ring of protection (left hand)
 m - a +6 ring of dexterity (right hand)
Wands
 u - a wand of acid (15)
 w - a wand of flame (10)
Scrolls
 g - a scroll of poison {unknown}
 i - 2 scrolls of amnesia
 q - a scroll of fear
Potions
 d - a potion of might
 e - 3 potions of curing
 h - a potion of lignification {unknown}
 j - a potion of mutation
 k - 3 potions of magic {unknown}
 r - 2 potions of ambrosia {unknown}
 s - a potion of flight {unknown}
 t - a potion of brilliance {unknown}


   Skills:
 + Level 5.4 Fighting
 - Level 3.6(3.9) Axes
 + Level 2.0(3.1) Polearms
 * Level 6.0 Armour
 + Level 6.5 Shields


You had 7 spell levels left.
You didn't know any spells.
Your spell library contained the following spells:

 Spells                   Type           Power      Damage    Failure   Level
 Apportation              Tloc           0%         N/A       77%         1
 Alistair's Intoxication  Tmut/Pois      0%         N/A       100%        5


Dungeon Overview and Level Annotations

Branches:
Dungeon (4/15)
 Temple: D:4-7

Altars:
Dithmenos
Elyvilon
Fedhas
Hepliaklqana
Makhleb
Okawaru


Innate Abilities, Weirdness & Mutations

You cannot be hasted, slowed, berserked, paralysed or teleported.
You can dig through walls and to a lower floor.
You have a pair of large antennae on your head. (SInv)
Your four strong arms can wield two-handed weapons with a shield.
Your flesh is heat resistant. (rF+)
You are strong-willed. (Will+)
You expend magic power (3 MP) to strengthen your wands.


Message History

* * * LOW HITPOINT WARNING * * *
The gnoll hits you but does no damage. The gnoll barely misses you.
You impale the gnoll!!
You kill the gnoll!
Okawaru accepts your kill. You block the gnoll's attack.
You puncture the orc priest!
The orc priest is poisoned.
The orc priest is severely wounded.
The gnoll hits you from afar with a +0 halberd.
* * * LOW HITPOINT WARNING * * *
The orc priest hits you but does no damage.
The gnoll hits you but does no damage.
The orc priest hits you but does no damage.
You hit the orc priest.
You kill the orc priest!
Okawaru accepts your kill.
The gnoll hits you from afar with a +0 halberd.
* * * LOW HITPOINT WARNING * * *
Your base Polearms skill increases to level 2!
Your Armour skill increases to level 6!
You have reached level 8!
You feel clever.
You completely miss the endoplasm. The endoplasm barely misses you.
You block the gnoll's attack.
You barely miss the endoplasm.
The gnoll is no longer moving quickly.
The endoplasm hits you but does no damage.
The gnoll closely misses you. You block the endoplasm's attack.
The gnoll hits you but does no damage.
You slash the endoplasm!
You kill the endoplasm!
Okawaru accepts your kill.
The gnoll hits you from afar with a +0 halberd.
* * * LOW HITPOINT WARNING * * *
Found a fuming grey potion.
Found a stone staircase leading up.
You block the gnoll's attack.
Items here: ))))) [[ †.
You puncture the gnoll!
The gnoll is heavily wounded.
The gnoll hits you with a +0 halberd!
You die...

#### ...# ....<
...#
######......
...#
###...@)......
<..#####
#....)#g......
.......#
##...###.......
.......###...##
.......
.......##..#.#
.......
†......##....#
#......
..)....#.[####
#..!..
♣.♣♣......#
#.###
♣.♣....####


You could see a gnoll.

Vanquished Creatures
  Sigmund (D:2)
  An ogre (D:4)
  2 scorpions (D:4)
  Crazy Yiuf (D:3)
  2 orc priests
  A gnoll bouda (D:4)
  Jessica (D:2)
  Natasha (thrice) (D:2)
  An orc wizard (D:4)
  3 gnolls (D:4)
  3 adders
  2 dart slugs
  9 orcs
  6 endoplasms
  8 goblins
  4 hobgoblins
  6 jackals (D:1)
  7 kobolds
  5 quokkas
  9 ball pythons
  A bat (D:1)
  A frilled lizard (D:1)
  4 rats
81 creatures vanquished.

Notes
Turn   | Place    | Note
-------+----------+-------------------------------------------
     0 | D:1      | GorkyZ the Formicid Fighter began the quest for the Orb.
     0 | D:1      | Reached XP level 1. HP: 18/18 MP: 1/1
   152 | D:1      | Reached XP level 2. HP: 24/24 MP: 2/2
   529 | D:1      | Reached XP level 3. HP: 29/29 MP: 3/3
  1114 | D:2      | Noticed Natasha
  1123 | D:2      | Killed Natasha
  1124 | D:2      | Reached XP level 4. HP: 27/37 MP: 4/4
  1168 | D:2      | Noticed Natasha
  1178 | D:2      | Killed Natasha
  1353 | D:2      | Reached XP level 5. HP: 42/42 MP: 5/5
  1391 | D:2      | Noticed Natasha
  1409 | D:2      | Killed Natasha
  1410 | D:2      | Reached skill level 5 in Shields
  1640 | D:2      | Noticed Jessica
  1650 | D:2      | Killed Jessica
  1863 | D:2      | Found a faded altar of an unknown god.
  1880 | D:2      | Prayed at the altar of an unknown god.
  1880 | D:2      | Became a worshipper of Warmaster Okawaru
  1880 | D:2      | Reached * piety under Okawaru
  1970 | D:2      | Noticed Sigmund
  1985 | D:2      | Killed Sigmund
  1985 | D:2      | Reached ** piety under Okawaru
  1986 | D:2      | Reached XP level 6. HP: 10/49 MP: 6/6
  1992 | D:2      | HP: 2/49 [poisoned by Sigmund]
  2545 | D:3      | Found a shadowy altar of Dithmenos.
  2756 | D:3      | Found a hazy altar of Hepliaklqana.
  2853 | D:3      | Found a white marble altar of Elyvilon.
  2853 | D:3      | Found a burning altar of Makhleb.
  3184 | D:3      | Reached XP level 7. HP: 55/55 MP: 7/7
  3331 | D:3      | Found a runed translucent door.
  3332 | D:3      | Noticed Crazy Yiuf
  3460 | D:3      | Killed Crazy Yiuf
  3461 | D:3      | Reached skill level 5 in Armour
  3852 | D:4      | Gained mutation: Your flesh is heat resistant. (rF+)
                  | [potion of mutation]
  3852 | D:4      | Gained mutation: You expend magic power (3 MP) to
                  | strengthen your wands. [potion of mutation]
  3852 | D:4      | Gained mutation: You are strong-willed. (Will+) [potion of
                  | mutation]
  3915 | D:4      | Reached skill level 5 in Fighting
  3915 | D:4      | Reached skill level 1 in Polearms
  4036 | D:4      | Found a blossoming altar of Fedhas.
  4190 | D:4      | Reached XP level 8. HP: 7/63 MP: 8/8
  4194 | D:4      | Slain by a gnoll

Illustrated notes

Levels and vault maps discovered:
D:1:      saegor_arrival_simple_b, layout_loops_ring
D:2:      layout_rooms, shapermc_ecumenical_altar_venn, nrook_mini_backslash,
          uniq_sigmund, uniq_jessica, uniq_natasha
D:3:      layout_loops_corners, mainiacjoe_overflow_alcove_2,
          nicolae_dithmenos_shadow_blocks, mainiacjoe_overflow_large_starburst,
          dk_vineyard_2, uniq_crazy_yiuf_cottage
D:4:      layout_rooms, mainiacjoe_overflow_small_starburst

Skill      XL: |  1  2  3  4  5  6  7 |
---------------+----------------------+-----
Fighting       | 4 5 |  5.4
Armour         | 4 6 |  6.0
Axes           | 3 |  3.6
Shields        | 5 6 |  6.5
Polearms       | 2 |  2.0

Action                   |  1- 3 |  4- 6 |  7- 9 || total
-------------------------+-------+-------+-------++-------
Melee: War axe           |    84 |    57 |       ||   141
       Halberd           |       |    33 |    68 ||   101
Invok: Heroism           |       |       |     1 ||     1
  Use: Scroll            |       |       |     6 ||     6
       Potion            |       |       |     1 ||     1
Armor: Scale mail        |    45 |    46 |    31 ||   122
Dodge: Dodged            |    37 |    46 |    34 ||   117
Block: Buckler           |    15 |    27 |    34 ||    76
